Arthur, chaotic male human Knight ---------- |........| |.........# ------- |........|# |.....| |........|# #..`...| ------------ |........|# #|.....| -------- |......<...| --.-.-----# #-.-.--- |.>....| |..........| # # # # ####### |......-#####|..........| ### ### # # # ##..[....| #-..........| # # # # ### # |......| ------------ # ####%###### # # ### -------- # #------|------# --|-- # --|---- #|...........|# |...| ### |.....| #|.......>...|# |...| # |%]%%%| #-......@....|# ##%...-## |%!(%]| |............# ----- |%%%%%| ------------- ------- Arthur the Gallant Experience level: 2 Strength: 16 Dexterity: 9 Constitution: 12 Intelligence: 7 Wisdom: 14 Charisma: 17 Health: 0(25) Energy: 9(9) Def: 5 Gold: 173 Moves: 1163 Dungeon seed: LHKhQHC0d2h_NDeY Game ID: Arthur_1553640324 Your Inventory: Coins $ - 173 gold pieces Weapons a - a blessed +1 long sword (weapon in hand) b - a +1 lance t - 44 +0 darts A - 22 blessed +0 arrows B - a +0 arrow Armor e - an uncursed +1 ring mail (being worn) q - an uncursed +0 small shield (being worn) r - an uncursed +0 pair of leather gloves (being worn) z - a cursed thoroughly rusty -1 helm of opposite alignment (being worn) N - an uncursed +1 orcish helm Comestibles c - 7 uncursed apples d - 9 uncursed carrots Scrolls i - a cursed scroll of identify j - an uncursed scroll of confuse monster s - a cursed scroll of enchant armor C - an uncursed scroll of teleportation Potions h - an uncursed potion of levitation u - an uncursed potion of object detection Wands f - a wand of secret door detection (0:13) Tools g - an uncursed blindfold Gems y - an uncursed worthless piece of orange glass Spells and supernatural/magical abilities: Name Level Category Fail Memory W - pray for help -- divine ? -- X - turn undead -- divine ? -- Y - supernatural jump -- ability ? -- Your skills at the end: Fighting Skills riding [Basic] Weapon Skills long sword [Basic] lance [Basic] Spellcasting Skills Final Attributes: You were piously aligned. You could jump. You are dead. Vanquished creatures: a green mold 4 jackals a fox a kobold 3 goblins 2 sewer rats 5 newts 17 creatures vanquished. Voluntary challenges: You used a wielded weapon 15 times, starting on turn 235. You read items or engraved 1 time, starting on turn 72. You never genocided any monsters. You never polymorphed an object. You never changed form. You used no wishes. You never split a pudding. You wrote Elbereth's name 1 time, starting on turn 72. You never violated your personal moral code. Dungeon overview: The Dungeons of Doom: levels 1 to 3 Level 1 a long staircase Level 2 Level 3 <- You were here a delicatessen a long staircase History has recorded: On T:1 you entered the Dungeons of Doom to retrieve the Amulet of Yendor! On T:339 you reached level 2 of The Dungeons of Doom. On T:794 you advanced to experience level 2. On T:863 you reached level 3 of The Dungeons of Doom. Score breakdown: Gold: 173 ( 7621 points) Experience: 2 levels ( 5570 points) Exploration: 3 levels ( 6.52%) ( 6324 points) Discoveries: 1 item ( 0.41%) ( 1912 points) Valuables value: (no points given unless you survive) Artifact value: 0 ( 0 points) Variety of kills: 7 monsters ( 1.84%) ( 4066 points) Turncount: 1163 turns ( 0 points) Survival: died (score multiplied by 80%) Total score: 20394 Latest messages: You miss the newt. The newt bites! You kill the newt! The sewer rat bites! (3x) You kill the sewer rat! "Salutations, Arthur! Welcome to Parbalingga's delicatessen!" The fox bites! You miss the fox. The fox bites! You miss the fox. The fox bites! The fox misses. You kill the fox! There are a few objects here. The door opens. You kill the green mold! You are splashed by its acid! You see here a green mold corpse. You have a very bad case of stomach acid. You die... Final status: Fare thee well Arthur the Knight, killed by an acidic corpse... You died in The Dungeons of Doom on dungeon level 3 with 20394 points, and 173 pieces of gold, after 1163 moves. You were level 2 with a maximum of 25 hit points when you died.